SAA
DURHAM RAPIERS @ CHESAPEAKE CONTINENTALS
08/10/2020
 
TOP OF THE 1ST
Durham Rapiers batting - Pitching for Chesapeake Continentals : RHP Aurelio López
Pitching: RHP Aurelio López
Batting: LHB Evan Nelson 0-0: Ground out 1-3 (Groundball, 15S)
Batting: RHB Allen George 0-0: Ball
1-0: Fly out, F3 (Popup, 3F)
Batting: SHB Omar Gutiérrez 0-0: Ball
1-0: Foul Ball, location: 2F
1-1: Ball
2-1: Reached on Error, E8 (Flyball, 8LS)
Batting: RHB Ignacio Rodríguez 0-0: Called Strike
0-1: Ball
1-1: Ball
2-1: Foul Ball, location: 2F
2-2: Foul Ball, location: 2F
2-2: Fly out, F2 (Popup, 2LF)
Top of the 1st over - 0 run(s), 0 hit(s), 1 error(s), 1 left on base; Durham 0 - Chesapeake 0
BOTTOM OF THE 1ST
Chesapeake Continentals batting - Pitching for Durham Rapiers : RHP Jeff Cox
Pitching: RHP Jeff Cox
Batting: RHB Bryan Wilson 0-0: Ball
1-0: Ball
2-0: Foul Ball, location: 2F
2-1: Ground out 6-3 (Groundball, 6M)
Batting: LHB José Estrada 0-0: Called Strike
0-1: Ball
1-1: Foul Ball, location: 2F
1-2: Strikes out looking
Batting: LHB Wayne Akers 0-0: Ball
1-0: Ball
2-0: Foul Ball, location: 2F
2-1: Ball
3-1: SINGLE (Line Drive, 7LS)
Batting: RHB Travis Brumback 0-0: Foul Ball, location: 2F
0-1: Ball
1-1: Foul Ball, location: 2F
1-2: Foul Ball, location: 2F
1-2: SINGLE (Line Drive, 6MD)
Wayne Akers to second
Batting: RHB Mike Peterson 0-0: Swinging Strike
0-1: Called Strike
0-2: Ball
1-2: Foul Ball, location: 2F
1-2: Foul Ball, location: 2F
1-2: Ball
2-2: Ball
3-2: Ground out 4-3 (Groundball, 4)
Bottom of the 1st over - 0 run(s), 2 hit(s), 0 error(s), 2 left on base; Durham 0 - Chesapeake 0
TOP OF THE 2ND
Durham Rapiers batting - Pitching for Chesapeake Continentals : RHP Aurelio López
Batting: SHB Dan Godwin 0-0: Ball
1-0: Ball
2-0: Foul Ball, location: 2F
2-1: Foul Ball, location: 2F
2-2: Strikes out swinging
Batting: RHB Caleb Lee 0-0: Called Strike
0-1: Called Strike
0-2: Fly out, F4 (Line Drive, 4)
Batting: RHB Kevin Sanderson 0-0: Called Strike
0-1: Ball
1-1: Foul Ball, location: 2F
1-2: Ball
2-2: Strikes out swinging
Top of the 2nd over - 0 run(s), 0 hit(s), 0 error(s), 0 left on base; Durham 0 - Chesapeake 0
BOTTOM OF THE 2ND
Chesapeake Continentals batting - Pitching for Durham Rapiers : RHP Jeff Cox
Batting: SHB Kevin Carlile 0-0: Ball
1-0: Ground out 4-3 (Groundball, 4)
Batting: SHB Tim Roberts 0-0: Swinging Strike
0-1: Ball
1-1: Ball
2-1: Swinging Strike
2-2: Strikes out swinging
Batting: RHB Kirk Wells 0-0: Called Strike
0-1: Ball
1-1: SINGLE (Groundball, 4MD)
Batting: RHB Harry Reynolds 0-0: Ball
1-0: Ball
2-0: Ball
3-0: Called Strike
3-1: SINGLE (Groundball, 6MD)
Kirk Wells to second
Batting: RHB Bryan Wilson 0-0: Fielders Choice at 2nd, 5-4 (Groundball, 56)
Bottom of the 2nd over - 0 run(s), 2 hit(s), 0 error(s), 1 left on base; Durham 0 - Chesapeake 0
TOP OF THE 3RD
Durham Rapiers batting - Pitching for Chesapeake Continentals : RHP Aurelio López
Batting: RHB Tim Love 0-0: Ball
1-0: Swinging Strike
1-1: Called Strike
1-2: Fly out, F3 (Popup, 13)
Batting: LHB Raúl Andrade 0-0: Called Strike
0-1: Ball
1-1: SOLO HOME RUN (Flyball, 9LD), Distance : 352 ft
Batting: LHB Evan Nelson 0-0: Called Strike
0-1: Swinging Strike
0-2: Strikes out looking
Batting: RHB Allen George 0-0: Ball
1-0: Ground out 6-3 (Groundball, 56)
Top of the 3rd over - 1 run(s), 1 hit(s), 0 error(s), 0 left on base; Durham 1 - Chesapeake 0
BOTTOM OF THE 3RD
Chesapeake Continentals batting - Pitching for Durham Rapiers : RHP Jeff Cox
Batting: LHB José Estrada 0-0: Ball
1-0: Ground out 1-3 (Groundball, 15S)
Batting: LHB Wayne Akers 0-0: Called Strike
0-1: Ball
1-1: Called Strike
1-2: Ground out 4-3 (Groundball, 34)
Batting: RHB Travis Brumback 0-0: Ground out U3 (Groundball, 3L)
Bottom of the 3rd over - 0 run(s), 0 hit(s), 0 error(s), 0 left on base; Durham 1 - Chesapeake 0
TOP OF THE 4TH
Durham Rapiers batting - Pitching for Chesapeake Continentals : RHP Aurelio López
Batting: SHB Omar Gutiérrez 0-0: Ball
1-0: Ball
2-0: Swinging Strike
2-1: Fly out, F6 (Popup, 4MD)
Batting: RHB Ignacio Rodríguez 0-0: Foul Ball, location: 2F
0-1: Swinging Strike
0-2: Ground out 6-3 (Groundball, 6)
Batting: SHB Dan Godwin 0-0: Ball
1-0: Ball
2-0: SINGLE (Groundball, 34D)
Batting: RHB Caleb Lee 0-0: Ball
1-0: Swinging Strike
1-1: Foul Ball, location: 2F
1-2: Strikes out swinging
Top of the 4th over - 0 run(s), 1 hit(s), 0 error(s), 1 left on base; Durham 1 - Chesapeake 0
BOTTOM OF THE 4TH
Chesapeake Continentals batting - Pitching for Durham Rapiers : RHP Jeff Cox
Batting: RHB Mike Peterson 0-0: Ball
1-0: Ball
2-0: Foul Ball, location: 2F
2-1: Called Strike
2-2: Foul Ball, location: 2F
2-2: Foul Ball, location: 2F
2-2: Foul Ball, location: 2F
2-2: Ball
3-2: Base on Balls
Batting: SHB Kevin Carlile 0-0: Ball
1-0: Ball
2-0: Called Strike
2-1: Ball
3-1: Swinging Strike
3-2: Foul Ball, location: 2F
3-2: Foul Ball, location: 2F
3-2: Base on Balls
Mike Peterson to second
Batting: SHB Tim Roberts 0-0: Ball
1-0: Fly out, F8 (Flyball, 8LM)
1-0: Fly out, F8 (Flyball, 8LM)
Batting: RHB Kirk Wells 0-0: Called Strike
0-1: Ball
1-1: Ball
2-1: SINGLE (Flyball, 8LS)
Mike Peterson to third
Kevin Carlile to second
Batting: RHB Harry Reynolds 0-0: Ball
1-0: Called Strike
1-1: Called Strike
1-2: Ball
2-2: Fly out, F6 (Popup, 6D)
Batting: RHB Bryan Wilson 0-0: Called Strike
0-1: Swinging Strike
0-2: Ball
1-2: Ball
2-2: Foul Ball, location: 2F
2-2: Ball
3-2: Base on Balls
Mike Peterson scores
Kevin Carlile to third
Kirk Wells to second
Batting: LHB José Estrada 0-0: Called Strike
0-1: Foul Ball, location: 2F
0-2: Ball
1-2: Strikes out swinging
Bottom of the 4th over - 1 run(s), 1 hit(s), 0 error(s), 3 left on base; Durham 1 - Chesapeake 1
TOP OF THE 5TH
Durham Rapiers batting - Pitching for Chesapeake Continentals : RHP Aurelio López
Batting: RHB Kevin Sanderson 0-0: Foul Ball, location: 2F
0-1: Called Strike
0-2: Foul Ball, location: 2F
0-2: Foul Ball, location: 2F
0-2: Ball
1-2: Ball
2-2: Ball
3-2: Ground out 5-3 (Groundball, 5)
Batting: RHB Tim Love 0-0: Ball
1-0: Ball
2-0: Ball
3-0: Base on Balls
Batting: LHB Raúl Andrade 0-0: Called Strike
0-1: Called Strike
0-2: Foul Ball, location: 2F
0-2: Ball
1-2: Ball
2-2: Strikes out looking
Batting: LHB Evan Nelson 0-0: Ball
1-0: Ball
2-0: Ball
3-0: Base on Balls
Tim Love to second
Batting: RHB Allen George 0-0: Ball
1-0: Ground out 2-3 (Groundball, 25)
Top of the 5th over - 0 run(s), 0 hit(s), 0 error(s), 2 left on base; Durham 1 - Chesapeake 1
BOTTOM OF THE 5TH
Chesapeake Continentals batting - Pitching for Durham Rapiers : RHP Jeff Cox
Batting: LHB Wayne Akers 0-0: Ball
1-0: Called Strike
1-1: Ground out 6-3 (Groundball, 6)
Batting: RHB Travis Brumback 0-0: Ball
1-0: Swinging Strike
1-1: Ball
2-1: Swinging Strike
2-2: Strikes out swinging
Batting: RHB Mike Peterson 0-0: Foul Ball, location: 2F
0-1: Ball
1-1: Hit by Pitch
Batting: SHB Kevin Carlile 0-0: Called Strike
0-1: Ball
1-1: Fly out, F7 (Line Drive, 78M)
Bottom of the 5th over - 0 run(s), 0 hit(s), 0 error(s), 1 left on base; Durham 1 - Chesapeake 1
TOP OF THE 6TH
Durham Rapiers batting - Pitching for Chesapeake Continentals : RHP Aurelio López
Batting: SHB Omar Gutiérrez 0-0: Ball
1-0: Foul Ball, location: 2F
1-1: Ball
2-1: Swinging Strike
2-2: Foul Ball, location: 2F
2-2: Strikes out looking
Batting: RHB Ignacio Rodríguez 0-0: Ball
1-0: Ball
2-0: Called Strike
2-1: Ground out 4-3 (Groundball, 4)
Batting: SHB Dan Godwin 0-0: Foul Ball, location: 2F
0-1: SINGLE (Groundball, 3)
Batting: RHB Caleb Lee 0-0: Swinging Strike
0-1: Ball
1-1: Ball
2-1: Ball
3-1: Swinging Strike
3-2: Fly out, F4 (Line Drive, 4)
Top of the 6th over - 0 run(s), 1 hit(s), 0 error(s), 1 left on base; Durham 1 - Chesapeake 1
BOTTOM OF THE 6TH
Chesapeake Continentals batting - Pitching for Durham Rapiers : RHP Jeff Cox
Batting: SHB Tim Roberts 0-0: Called Strike
0-1: Ball
1-1: Foul Ball, location: 2F
1-2: Ball
2-2: Foul Ball, location: 2F
2-2: Ball
3-2: SINGLE (Groundball, 4M)
Pitching: RHP Timothy Jackson
Batting: RHB Kirk Wells 0-0: Sac Bunt - play at first, batter OUT! 1-4
Tim Roberts to second
Batting: RHB Harry Reynolds 0-0: Ball
1-0: Ball
2-0: Swinging Strike
2-1: Swinging Strike
2-2: Strikes out swinging
Batting: RHB Bryan Wilson 0-0: Ball
1-0: Ball
2-0: Foul Ball, location: 2F
2-1: Foul Ball, location: 2F
2-2: Ground out 6-3 (Groundball, 6M)
Bottom of the 6th over - 0 run(s), 1 hit(s), 0 error(s), 1 left on base; Durham 1 - Chesapeake 1
TOP OF THE 7TH
Durham Rapiers batting - Pitching for Chesapeake Continentals : RHP Aurelio López
Pinch Hitting: LHB Barton McCann 0-0: SINGLE (Line Drive, 3D)
Batting: RHB Tim Love 0-0: Bunted foul
0-1: Bunt missed!
0-2: SINGLE (Line Drive, 89S)
Barton McCann to second
Batting: LHB Raúl Andrade 0-0: SINGLE (Groundball, 34D)
Barton McCann to third
Tim Love to second
Runner from 3rd tries for Home, SAFE, no throw or cutoff
Batting: LHB Evan Nelson 0-0: Bunted foul
0-1: Bunted foul
0-2: Strikes out looking
Pinch Hitting: LHB Mayer Röhricht 0-0: Ball
1-0: DOUBLE (Groundball, 5L)
Tim Love scores
Raúl Andrade to third
Runner from 3rd tries for Home, SAFE, throw made home
Batting: SHB Omar Gutiérrez 0-0: Ball
1-0: Swinging Strike
1-1: Foul Ball, location: 2F
1-2: SINGLE (Flyball, 7S)
Mayer Röhricht to third
Runner from 3rd tries for Home, SAFE, throw made home
Pitching: RHP Gilberto Soto
Batting: RHB Ignacio Rodríguez 0-0: Foul Ball, location: 2F
0-1: Ball
1-1: Foul Ball, location: 2F
1-2: Fly out, F8 (Flyball, 78M)
Batting: SHB Dan Godwin 0-0: Ball
1-0: Called Strike
1-1: Ball
2-1: SINGLE (Line Drive, 8RS)
Omar Gutiérrez to second
Batting: RHB Caleb Lee 0-0: Called Strike
0-1: Called Strike
0-2: Strikes out looking
Top of the 7th over - 4 run(s), 6 hit(s), 0 error(s), 2 left on base; Durham 5 - Chesapeake 1
BOTTOM OF THE 7TH
Chesapeake Continentals batting - Pitching for Durham Rapiers : RHP Timothy Jackson
Now at 3B: Miguel Castillo
Now in LF: Barton McCann
Batting: LHB José Estrada 0-0: SINGLE (Line Drive, 8RS)
Batting: LHB Wayne Akers 0-0: Swinging Strike
0-1: Fly out, F8 (Flyball, 78M)
Batting: RHB Travis Brumback 0-0: Called Strike
0-1: Ball
1-1: Called Strike
1-2: Fielders Choice at 2nd, 6-4 (Groundball, 6M)
Batting: RHB Mike Peterson 0-0: Ball
1-0: Called Strike
1-1: Swinging Strike
1-2: SINGLE (Flyball, 6MD)
Travis Brumback to second
Batting: SHB Kevin Carlile 0-0: Ball
1-0: Ball
2-0: Called Strike
2-1: Called Strike
2-2: Foul Ball, location: 2F
2-2: Ball
3-2: Base on Balls
Travis Brumback to third
Mike Peterson to second
Batting: SHB Tim Roberts 0-0: Ball
1-0: Called Strike
1-1: Swinging Strike
1-2: Ball
2-2: Ball
3-2: Base on Balls
Travis Brumback scores
Mike Peterson to third
Kevin Carlile to second
Batting: RHB Kirk Wells 0-0: Ball
1-0: Swinging Strike
1-1: Ball
2-1: Ground out 6-3 (Groundball, 6)
Bottom of the 7th over - 1 run(s), 2 hit(s), 0 error(s), 3 left on base; Durham 5 - Chesapeake 2
TOP OF THE 8TH
Durham Rapiers batting - Pitching for Chesapeake Continentals : RHP Gilberto Soto
Batting: LHB Barton McCann 0-0: Called Strike
0-1: DOUBLE (Line Drive, 89M)
Batting: RHB Tim Love 0-0: Called Strike
0-1: Ground out U3 (Groundball, 3S)
Barton McCann to third
Batting: LHB Raúl Andrade 0-0: Intentional Walk
Batting: LHB Evan Nelson 0-0: Ball
1-0: Ball
2-0: Called Strike
2-1: SINGLE (Groundball, 13) (infield hit)
Barton McCann scores
Raúl Andrade to second
Batting: LHB Miguel Castillo 0-0: Called Strike
0-1: Called Strike
0-2: Strikes out swinging
Batting: SHB Omar Gutiérrez 0-0: Ball
1-0: Swinging Strike
1-1: SINGLE (Groundball, 34)
Raúl Andrade to third
Evan Nelson to second
Runner from 3rd tries for Home, SAFE, throw made home
Evan Nelson to third
Omar Gutiérrez to second
Batting: RHB Ignacio Rodríguez 0-0: 3-RUN HOME RUN (Flyball, 78XD), Distance : 416 ft
Pitching: LHP Johnny Joyce
Batting: SHB Dan Godwin 0-0: Fly out, F5 (Popup, 25F)
Top of the 8th over - 5 run(s), 4 hit(s), 0 error(s), 0 left on base; Durham 10 - Chesapeake 2
BOTTOM OF THE 8TH
Chesapeake Continentals batting - Pitching for Durham Rapiers : RHP Timothy Jackson
Batting: RHB Harry Reynolds 0-0: Foul Ball, location: 2F
0-1: Fly out, F9 (Flyball, 9D)
Pitching: RHP Morgan MacDonald
Batting: RHB Bryan Wilson 0-0: Called Strike
0-1: Ball
1-1: Foul Ball, location: 2F
1-2: Strikes out swinging
Batting: LHB José Estrada 0-0: Ball
1-0: Ball
2-0: Ball
3-0: Called Strike
3-1: Base on Balls
Batting: LHB Wayne Akers 0-0: Foul Ball, location: 2F
0-1: Ball
1-1: Called Strike
1-2: Ball
2-2: Foul Ball, location: 2F
2-2: Foul Ball, location: 2F
2-2: SINGLE (Groundball, 6S) (infield hit)
José Estrada to second
Batting: RHB Travis Brumback 0-0: Ball
1-0: Called Strike
1-1: Ball
2-1: Foul Ball, location: 2F
2-2: Strikes out swinging
Bottom of the 8th over - 0 run(s), 1 hit(s), 0 error(s), 2 left on base; Durham 10 - Chesapeake 2
TOP OF THE 9TH
Durham Rapiers batting - Pitching for Chesapeake Continentals : LHP Johnny Joyce
Batting: RHB Caleb Lee 0-0: Called Strike
0-1: Fly out, F8 (Line Drive, 8LM)
Batting: LHB Barton McCann 0-0: Ball
1-0: Swinging Strike
1-1: Ball
2-1: Ground out 5-3 (Groundball, 56S)
Batting: RHB Tim Love 0-0: Ball
1-0: Ball
2-0: Ball
3-0: Called Strike
3-1: Foul Ball, location: 2F
3-2: Fly out, F9 (Flyball, 9LDF)
Top of the 9th over - 0 run(s), 0 hit(s), 0 error(s), 0 left on base; Durham 10 - Chesapeake 2
BOTTOM OF THE 9TH
Chesapeake Continentals batting - Pitching for Durham Rapiers : RHP Morgan MacDonald
Batting: RHB Mike Peterson 0-0: Fly out, F8 (Flyball, 8RM)
Batting: SHB Kevin Carlile 0-0: SINGLE (Line Drive, 6MD)
Batting: SHB Tim Roberts 0-0: Ball
1-0: SINGLE (Line Drive, 89M)
Kevin Carlile to second
Runner from 2nd tries for 3rd, SAFE, throw made to third
Batting: RHB Kirk Wells 0-0: Ball
1-0: Foul Ball, location: 2F
1-1: Ball
2-1: Called Strike
2-2: Strikes out swinging
Batting: RHB Harry Reynolds 0-0: Called Strike
0-1: Ball
1-1: Fly out, F8 (Flyball, 8RM)
Bottom of the 9th over - 0 run(s), 2 hit(s), 0 error(s), 2 left on base; Durham 10 - Chesapeake 2
This league is powered by Out of the Park Baseball, the baseball management simulation game for PC, Mac and Linux
Friday, October 23rd, 2015 - OOTP Baseball 16.9 Build 39